 Dungeon Crawl Stone Soup version 0.27.1-34-g3ba077fa99 (webtiles) character file.

Game seed: 7873481919602011838

31 cbfl8 the Sneak (level 3, -5/33 HPs)
             Began as a Minotaur Delver on Jan 16, 2022.
             Slain by an ogre (16 damage)
             ... on level 5 of the Dungeon.
             The game lasted 00:00:23 (172 turns).

cbfl8 the Sneak (Minotaur Delver)                    Turns: 172, Time: 00:00:24

Health: -5/33      AC:  3    Str: 16    XL:     3   Next: 7%
Magic:  2/2        EV: 12    Int:  8    God:
Gold:   0          SH:  0    Dex: 11    Spells: 2/2 levels left

rFire    . . .     SeeInvis .   a - +0 hand axe
rCold    . . .     Faith    .   (no shield)
rNeg     . . .     Spirit   .   b - +0 leather armour
rPois    .         Reflect  .   (helmet restricted)
rElec    .         Harm     .   (no cloak)
rCorr    .         Rampage  .   (no gloves)
Will     .....                  (no boots)
Stlth    ++........             (no amulet)
HPRegen  0.11/turn              (no ring)
MPRegen  0.08/turn              (no ring)

@: no status effects
A: horns 2, retaliatory headbutt
a: no special abilities


You were on level 5 of the Dungeon.
You visited 1 branch of the dungeon, and saw 1 of its levels.

Inventory:

Hand Weapons
 a - a +0 hand axe (weapon)
Armour
 b - a +0 leather armour (worn)
 i - the +0 pair of gloves of the Hanged Man {Rampage *Slow rElec rPois}
   (You found it on level 5 of the Dungeon)

   rElec:     It insulates you from electricity.
   rPois:     It protects you from poison.
   *Slow:     It may slow you when you take damage.
   Rampage:   It bestows one free step when moving towards enemies.
Wands
 g - a wand of digging (3)
Scrolls
 c - a scroll of fog
 d - a scroll of magic mapping
 e - a scroll of fear
Potions
 f - a potion of haste
 h - a potion of brilliance {unknown}


   Skills:
 + Level 3.9 Fighting
 + Level 2.5 Axes
 + Level 2.3 Dodging
 + Level 4.7 Stealth


You had 2 spell levels left.
You didn't know any spells.
Your spell library was empty.

Dungeon Overview and Level Annotations

Branches:
Dungeon (5/15)
 Temple: D:4-7

Altars:


Innate Abilities, Weirdness & Mutations

You have a pair of horns on your head.
You reflexively headbutt those who attack you in melee.


Message History

You have reached level 2!
You have reached level 3!
Your experience leads to an increase in your attributes!
Increase (S)trength, (I)ntelligence, or (D)exterity?
You feel clever.
You start resting.
You start resting.
HP restored.
Found a pair of heavily runed gloves and 15 gold pieces.
Found an escape hatch in the ceiling.
An orc comes into view. It is wielding a +0 hand axe.
An orc and an ogre come into view.
The ogre shouts!
The orc shouts!
You hear a shout!
An orc comes into view. It is wielding a +0 club.
An orc wizard comes into view. It is wielding a +0 dagger.
The orc wizard moves out of view.
The orc shouts!
You hear a shout! x3; The orc shouts!
You see here the +0 pair of gloves of the Hanged Man {Rampage *Slow rElec rPois}.
i - the +0 pair of gloves of the Hanged Man {Rampage *Slow rElec rPois} The orc hits you but does no damage.
Keep equipping yourself? [Y]es or [N]o only, please.
Keep equipping yourself?
The ogre closely misses you.
You start putting on your armour.
You continue putting on the +0 pair of gloves of the Hanged Man {Rampage *Slow rElec rPois}.
The orc hits you with a +0 club. The orc hits you with a +0 hand axe.
The ogre closely misses you.
You continue putting on the +0 pair of gloves of the Hanged Man {Rampage *Slow rElec rPois}.
The orc barely misses you.
The orc wizard gestures at you while chanting.
You resist with significant effort. The orc hits you with a +0 hand axe.
You continue putting on the +0 pair of gloves of the Hanged Man {Rampage *Slow rElec rPois}.
The ogre closely misses you. The orc completely misses you. The orc misses you.
The orc wizard points at you and mumbles some strange words.
The puff of flame hits you! The orc hits you with a +0 hand axe.
You continue putting on the +0 pair of gloves of the Hanged Man {Rampage *Slow rElec rPois}.
The orc hits you with a +0 club. The orc closely misses you.
The ogre hits you with a +0 giant club!
You die...

.. .................#. .
#.................. ..
.................. ...
#........#......#
....####...$....#.....##
8....................##.
......oo........##....#.
#..o..@................
......Oo###........(....
...#.....#..............
. ##....#..............
..........#..........
...........###........
........#....#.........
...........$<........#.


You could see an ogre, an orc wizard and 3 orcs.

Vanquished Creatures
  A hound (D:5)
1 creature vanquished.

Notes
Turn   | Place    | Note
-------+----------+-------------------------------------------
     0 | D:5      | cbfl8 the Minotaur Delver began the quest for the Orb.
     0 | D:5      | Reached XP level 1. HP: 19/19 MP: 0/0
     8 | D:5      | Noticed a hound
    20 | D:5      | Killed a hound
    21 | D:5      | Reached XP level 2. HP: 14/27 MP: 1/1
    21 | D:5      | Reached XP level 3. HP: 17/33 MP: 2/2
   164 | D:5      | Noticed an ogre
   166 | D:5      | Identified the +0 pair of gloves of the Hanged Man {Rampage
                  | *Slow rElec rPois}
   172 | D:5      | Slain by an ogre

Illustrated notes

Levels and vault maps discovered:
D:5:      layout_cave_pools, lemuel_round_altar, kennysheep_mini,
          bloody_makhleb, serial_gnoll_camp, gnoll_camp_mini_house,
          gnoll_camp_mini_hut, gnoll_camp_medium_01, gnoll_camp_medium_02,
          grums_kennel, gnoll_camp_mini_basic, uniq_eustachio, uniq_duvessa

Action                   || total
-------------------------++-------
Melee: Hand axe          ||     8
       Headbutt          ||     3
Armor: Leather armour    ||     3
Dodge: Dodged            ||    15
